[Event "Team 45 45 League T68"]
[Site "Internet Chess Club"]
[Date "2016.03.25"]
[Round "3"]
[White "Aquaman"]
[Black "smsxman"]
[Result "1-0"]
[WhiteElo "1331"]
[BlackElo "1320"]
[Opening "English, 1...Nf6 (Anglo-Indian defense)"]
[ECO "A15"]
[Time "14:09:02"]
[TimeControl "2700+45"]

1. c4 Nf6 2. g3 c5 3. Bg2 Nc6 4. Nf3 e5 5. O-O Be7 6. Nc3 O-O 7. d3 a6 8. e4 d6
9. h3 Rb8 10. Nd5 b5 11. Nxe7+ Qxe7 12. Bg5 Qe6 13. b3 h6 14. Bd2 Nd4 15. Rb1
Nxf3+ 16. Qxf3 Bb7 17. Qd1 bxc4 18. bxc4 Nh7 19. Kh2 Qe7 20. Qc1 Qe6 21. Rb6
Rfd8 22. Be3 Qc8 23. Rb1 Qe6 24. Rb6 Qc8 25. Rb1 Rf8 26. f4 f6 27. f5 Ng5 28. h4
Nf7 29. Rb3 Ba8 30. Qb2 Rxb3 31. Qxb3 Nd8 32. Qd1 Qb7 33. Qd2 Nf7 34. Qc2 Rb8
35. Rf2 Qb4 36. Bc1 Bc6 37. Qe2 Qc3 38. Bd2 Qd4 39. Be3 Qc3 40. Bd2 Qa3 41. Be3
Qb4 42. Bd2 Qb1 43. Be1 Qa1 44. Qd2 Rb1 45. Re2 Rc1 46. Qe3 Qd4 47. Qxc1 {Black
resigns} 1-0

[Event "Team 45 45 League T68"]
[Site "Internet Chess Club"]
[Date "2016.03.27"]
[Round "3"]
[White "Electryon"]
[Black "mongmong"]
[Result "1/2-1/2"]
[WhiteElo "1434"]
[BlackElo "1513"]
[Opening "Réti opening"]
[ECO "A04"]
[Time "18:00:36"]
[TimeControl "2700+45"]

1. Nf3 e6 2. d4 Nf6 3. Bf4 d5 4. e3 c5 5. Bb5+ Bd7 6. Bxd7+ Nbxd7 7. c3 Be7 8.
h3 a6 9. Nbd2 b5 10. O-O O-O 11. b3 Nb6 12. Ne5 Rc8 13. Qe2 Nfd7 14. Qg4 Nxe5
15. Bxe5 Bf6 16. Nf3 Bxe5 17. Nxe5 c4 18. Rfc1 Nd7 19. Nxd7 Qxd7 20. b4 Ra8 21.
a3 Ra7 22. e4 Rfa8 23. exd5 exd5 24. Qxd7 Rxd7 25. Re1 f6 26. a4 Raa7 27. a5 Kf7
28. Re3 Re7 29. Rae1 Rxe3 30. Rxe3 Re7 31. Rxe7+ Kxe7 32. f4 Ke6 33. g4 g6 34.
Kf2 h5 35. Kf3 h4 36. Ke3 f5 37. g5 {Game drawn by mutual agreement} 1/2-1/2

[Event "Team 45 45 League T68"]
[Site "Internet Chess Club"]
[Date "2016.03.26"]
[Round "3"]
[White "rhayder"]
[Black "Aquaman"]
[Result "1/2-1/2"]
[WhiteElo "1394"]
[BlackElo "1334"]
[Opening "Robatsch (modern) defense"]
[ECO "B06"]
[Time "16:15:03"]
[TimeControl "2700+45"]

1. e4 g6 2. d4 Bg7 3. Nf3 d6 4. Be3 Nf6 5. Nc3 O-O 6. Be2 Ng4 7. Qd2 Nxe3 8.
Qxe3 Nd7 9. O-O-O Qe8 10. h4 Nf6 11. Ng5 Bg4 12. e5 Bxe2 13. Qxe2 dxe5 14. dxe5
Nh5 15. g3 Bh6 16. Kb1 e6 17. Qe4 c6 18. Qf3 Qe7 19. Nce4 f5 20. exf6 Nxf6 21.
Nxf6+ Qxf6 22. Qxf6 Rxf6 23. Ne4 Rff8 24. f4 b6 25. Rhe1 Kf7 26. Rd7+ Kg8 27.
Rd6 c5 28. Rxe6 Bg7 29. Kc1 c4 30. Nc3 Bd4 31. R6e4 Bf2 32. R1e2 Bxg3 33. Rxc4
Bxh4 34. Nd5 Bd8 35. Rce4 Bh4 36. c4 Rad8 37. b3 Rc8 38. Kb2 Kg7 39. Ka3 Bd8 40.
Ka4 a6 41. Re8 Bf6 42. Rxc8 Rxc8 43. Nxb6 Rd8 44. Nd5 Bh4 45. Ka5 Rd6 46. Re8
Bd8+ 47. Ka4 Kf7 48. Rh8 Kg7 49. Re8 Kf7 50. Rh8 Kg7 51. Re8 Kf7 52. Rh8 Kg7
{Game drawn by repetition} 1/2-1/2

[Event "Team 45 45 League T68"]
[Site "Internet Chess Club"]
[Date "2016.03.25"]
[Round "3"]
[White "artspir"]
[Black "stantheman59"]
[Result "1-0"]
[WhiteElo "1203"]
[BlackElo "1205"]
[Opening "Queen's pawn game"]
[ECO "A46"]
[Time "15:01:57"]
[TimeControl "2700+45"]

1. d4 Nf6 2. Nf3 e6 3. Bf4 Nd5 4. Bg3 d6 5. Nbd2 Bd7 6. c3 Nc6 7. e4 Nb6 8. Bd3
d5 9. O-O dxe4 10. Nxe4 f5 11. Nc5 Bxc5 12. dxc5 Nd5 13. Re1 Qe7 14. Bxf5 O-O-O
15. Bh4 Nf6 16. b4 Be8 17. Qb3 Na5 18. bxa5 Qxc5 19. Bxe6+ Kb8 20. a6 b6 21.
Rad1 Rxd1 22. Rxd1 Bb5 23. a4 Bxa6 24. Bg3 Ne4 25. Ne5 Nxg3 26. Nd7+ {Black
resigns} 1-0

[Event "Team 45 45 League T68"]
[Site "Internet Chess Club"]
[Date "2016.03.25"]
[Round "3"]
[White "chips"]
[Black "RobertBuice"]
[Result "1/2-1/2"]
[WhiteElo "1205"]
[BlackElo "1162"]
[Opening "Polish (Sokolsky) opening"]
[ECO "A00"]
[Time "06:22:59"]
[TimeControl "2700+45"]

1. b4 e5 2. Bb2 Nc6 3. a3 d5 4. d3 b5 5. Nf3 Bd6 6. g3 Bg4 7. Bg2 Nf6 8. O-O O-O
9. Nbd2 e4 10. dxe4 dxe4 11. Nd4 Nxd4 12. Bxd4 Re8 13. h3 Bh5 14. Re1 a5 15. Qc1
axb4 16. axb4 Bxb4 17. Rxa8 Qxa8 18. Bxf6 Bxd2 19. Qxd2 gxf6 20. Qd4 f5 21. Qd7
Qc8 22. Qxb5 e3 23. Qc5 exf2+ 24. Qxf2 c5 25. e4 fxe4 26. Rxe4 Rxe4 27. Bxe4 Bg6
28. Bxg6 hxg6 29. g4 c4 30. Qd4 f5 31. Kf2 fxg4 32. Qxg4 Qc5+ 33. Kg3 {Game
drawn by mutual agreement} 1/2-1/2

[Event "Team 45 45 League T68"]
[Site "Internet Chess Club"]
[Date "2016.03.26"]
[Round "3"]
[White "MasterD"]
[Black "dabodhi"]
[Result "0-1"]
[WhiteElo "1451"]
[BlackElo "1421"]
[Opening "Bishop's opening: Berlin defense"]
[ECO "C24"]
[Time "21:01:42"]
[TimeControl "2700+45"]

1. e4 e5 2. Bc4 Nf6 3. d3 c6 4. Nf3 d5 5. exd5 cxd5 6. Bb5+ Bd7 7. Bxd7+ Nbxd7
8. O-O Be7 9. Re1 Qc7 10. Qe2 O-O 11. Nxe5 Nxe5 12. Qxe5 Qxe5 13. Rxe5 Rfe8 14.
Re1 Bc5 15. Rxe8+ Rxe8 16. Bd2 Ng4 17. Nc3 Nxf2 18. Kf1 Ng4 19. Bf4 g5 20. Na4
Bd4 21. c3 Ne3+ 22. Bxe3 Bxe3 23. Re1 f5 24. Nc5 b6 25. Nb7 f4 26. Nd6 Rf8 27.
Nb5 Kf7 28. Na3 Re8 29. Nc2 Bc5 30. Rxe8 Kxe8 31. Ke2 Ke7 32. Kf3 Kf6 33. Nd4
Bxd4 34. cxd4 h5 35. h3 Kf5 36. a3 a5 37. a4 g4+ 38. hxg4+ hxg4+ 39. Kf2 Kg5 40.
g3 Kf5 41. Kg2 Kg5 42. gxf4+ Kxf4 43. Kf2 g3+ 44. Kg2 Kg4 45. Kg1 Kf3 46. Kf1
Ke3 47. Kg2 Kxd3 48. Kxg3 Kxd4 49. Kf4 Kd3 50. Ke5 d4 51. Kf4 Ke2 {White
resigns} 0-1

[Event "Team 45 45 League T68"]
[Site "Internet Chess Club"]
[Date "2016.03.27"]
[Round "3"]
[White "jjaillet2007"]
[Black "JaydenLu2015"]
[Result "1-0"]
[WhiteElo "1268"]
[BlackElo "1224"]
[Opening "QGD Slav defense"]
[ECO "D10"]
[Time "19:09:22"]
[TimeControl "2700+45"]

1. d4 d5 2. c4 c6 3. Nc3 Nf6 4. cxd5 cxd5 5. Bg5 Bf5 6. Nf3 e6 7. e3 Nc6 8. Bb5
Bb4 9. a3 Ba5 10. b4 Bc7 11. Qa4 Qd7 12. Bxf6 gxf6 13. Nh4 Bg6 14. O-O e5 15.
Rfe1 a6 16. Bxc6 bxc6 17. Ne2 Qd6 18. Rac1 Kd7 19. Ng3 a5 20. Qd1 axb4 21. axb4
Qxb4 22. Qg4+ Kd8 23. Nxg6 hxg6 24. Qe2 Kd7 25. e4 Qxd4 26. exd5 cxd5 27. Qb5+
Ke7 28. Rxc7+ Kf8 29. Qd7 Rh7 30. Qe7+ Kg8 31. Qxf6 Re8 32. Re7 Rxe7 33. Qxe7 e4
34. Qg5 Qc3 35. Rc1 Qh8 36. Rc8+ Kg7 37. Rxh8 Rxh8 38. Qxd5 f5 39. f3 e3 40.
Qd4+ Kg8 41. Qxe3 Kh7 42. Qe7+ Kh6 43. Ne2 Rh7 44. Qh4+ Kg7 45. Qg5 Rh5 46. Qe7+
Kh6 47. Nf4 {Black resigns} 1-0

[Event "Team 45 45 League T68"]
[Site "Internet Chess Club"]
[Date "2016.03.27"]
[Round "3"]
[White "awesomecool"]
[Black "bhandelman"]
[Result "1-0"]
[WhiteElo "1141"]
[BlackElo "1292"]
[Opening "Sicilian: Najdorf"]
[ECO "B90"]
[Time "14:01:26"]
[TimeControl "2700+45"]

1. e4 c5 2. Nf3 d6 3. d4 cxd4 4. Nxd4 Nf6 5. Nc3 a6 6. Bd3 Nc6 7. Nf3 e6 8. Bg5
Be7 9. O-O O-O 10. Re1 b5 11. a3 Bd7 12. Bh4 Qb6 13. Bg3 Nh5 14. Bh4 Bxh4 15.
Nxh4 Nf4 16. Nf3 Nd4 17. Nxd4 Qxd4 18. Bf1 Qf6 19. Qxd6 Rfd8 20. e5 Qg5 21. Ne4
Qg6 22. Qd2 Nh3+ 23. Kh1 Bc6 24. Qe2 Nf4 25. Qe3 Nh5 26. Ng3 Nxg3+ 27. Qxg3 Qxc2
28. b4 Rd2 29. Rac1 Qf5 30. f3 Bb7 31. Rc7 Bd5 32. Rec1 h6 33. Rd7 Rc2 34. Rxc2
Qxc2 35. Qf4 Bc4 36. Qxf7+ {Black resigns} 1-0

[Event "Team 45 45 League T68"]
[Site "Internet Chess Club"]
[Date "2016.03.26"]
[Round "3"]
[White "Just-Jim"]
[Black "princevultan2"]
[Result "0-1"]
[WhiteElo "1300"]
[BlackElo "1218"]
[Opening "Queen's pawn game"]
[ECO "D00"]
[Time "11:30:29"]
[TimeControl "2700+45"]

1. d4 d5 2. e3 e6 3. c4 Nf6 4. c5 Bd7 5. Nc3 b6 6. Qb3 bxc5 7. dxc5 Bxc5 8. Qb7
Nc6 9. Bb5 Rb8 10. Qa6 Nb4 11. Bxd7+ Qxd7 12. Qe2 O-O 13. a3 Nc6 14. Nf3 Rb7 15.
O-O Rfb8 16. h3 d4 17. Na4 Be7 18. Qd3 e5 19. Qc4 Na5 20. Qa2 Qxa4 21. Nxe5 Qb3
22. Qb1 Bd6 23. exd4 Bxe5 24. dxe5 Nd7 25. f4 Qb6+ 26. Kh2 Qe6 27. Rf3 Nb3 28.
Ra2 Nxc1 29. b4 Nxa2 30. f5 Qxe5+ 31. Kh1 Nc3 32. Qf1 Ne4 33. Rf4 Ng3+ {White
resigns} 0-1

[Event "Team 45 45 League T68"]
[Site "Internet Chess Club"]
[Date "2016.03.24"]
[Round "3"]
[White "olivermx"]
[Black "rkjulianjr"]
[Result "0-1"]
[WhiteElo "1342"]
[BlackElo "1383"]
[Opening "Ruy Lopez: Berlin defense"]
[ECO "C65"]
[Time "13:00:35"]
[TimeControl "2700+45"]

1. e4 e5 2. Nf3 Nc6 3. Bb5 Nf6 4. d3 Bc5 5. O-O d6 6. h3 O-O 7. Bg5 h6 8. Bh4 a6
9. Ba4 Ba7 10. c3 Ne7 11. Bxf6 gxf6 12. Nbd2 Be6 13. Re1 Kh8 14. Nf1 Rg8 15. Ng3
Rxg3 16. Kf1 Rg7 17. Qd2 Rh7 18. Bd1 Qg8 19. d4 Qg7 20. Nh2 Bc4+ 21. Be2 Bxe2+
22. Qxe2 exd4 23. cxd4 Bxd4 24. Rac1 Rg8 25. f3 c5 26. Rc2 h5 27. f4 Qg3 28. Nf3
Qxf4 29. Qd2 Ng6 30. Qxf4 Nxf4 31. Nxd4 cxd4 32. Rd1 d3 33. Rf2 Ne2 34. Rxd3
Ng3+ 35. Kg1 Nxe4 36. Re2 f5 37. Rf3 Rg5 38. Rd3 Rhg7 39. Rf3 Kh7 40. Rb3 f6 41.
Rd3 Rc7 42. Kh2 Rcg7 43. Rb3 d5 44. Rd3 f4 45. Rf3 Rf5 46. Rd3 Rg3 47. Rxg3
fxg3+ 48. Kg1 Rf2 49. Re1 Rxb2 50. Rc1 Kg6 51. Kf1 Rf2+ 52. Kg1 Rxa2 {White
resigns} 0-1

[Event "Team 45 45 League T68"]
[Site "Internet Chess Club"]
[Date "2016.03.25"]
[Round "3"]
[White "chesster3145"]
[Black "joaoazm"]
[Result "1-0"]
[WhiteElo "1165"]
[BlackElo "1107"]
[Opening "Ruy Lopez: ...b5 & ...d6"]
[ECO "C70"]
[Time "21:07:18"]
[TimeControl "2700+45"]

1. e4 e5 2. Nf3 Nc6 3. Bb5 a6 4. Ba4 b5 5. Bb3 Nf6 6. O-O d6 7. Ng5 Be6 8. Nxe6
fxe6 9. Bxe6 Qe7 10. Bd5 Nxd5 11. exd5 Nd4 12. c3 Nf5 13. Qc2 g6 14. Re1 Bg7 15.
d3 O-O 16. Nd2 Nh6 17. f3 Nf7 18. Ne4 Bh6 19. Bxh6 Nxh6 20. Rac1 Nf7 21. Qd2 Kg7
22. d4 h6 23. dxe5 dxe5 24. Qe3 Nd6 25. Nc5 Nf5 26. Qxe5+ Qxe5 27. Rxe5 Rae8 28.
Rxe8 Rxe8 29. Ne6+ Kf6 30. Kf2 c6 31. Nc7 Rd8 32. Ke2 cxd5 33. Nxa6 Ra8 34. Nb4
Ne7 35. Rd1 Re8 36. Kf2 Rd8 37. g3 Rd6 38. a3 Nc6 39. Nxc6 Rxc6 40. Rxd5 b4 41.
axb4 Ra6 42. Ra5 Rb6 43. b5 Ke5 44. Ke3 Kd5 45. b3 Kc5 46. Kd3 Rd6+ 47. Kc2 Rb6
48. f4 g5 49. f5 g4 50. Ra4 Rxb5 51. Rxg4 Kd6 52. Rf4 Ke7 53. h3 Kf6 54. g4 h5
55. c4 Re5 56. Kd3 h4 57. Rf3 Re8 58. c5 Ra8 59. Kc4 Rc8 60. b4 Ke5 61. Rb3 Rd8
62. Rd3 Ra8 63. c6 Rc8 64. Kc5 Ke4 65. Rb3 Kf4 66. b5 {Black resigns} 1-0

[Event "Team 45 45 League T68"]
[Site "Internet Chess Club"]
[Date "2016.03.25"]
[Round "3"]
[White "WzeroMN"]
[Black "oldbookseller"]
[Result "0-1"]
[WhiteElo "1080"]
[BlackElo "1054"]
[Opening "Ruy Lopez: Berlin defense"]
[ECO "C65"]
[Time "12:30:15"]
[TimeControl "2700+45"]

1. e4 e5 2. Nf3 Nc6 3. Bb5 Nf6 4. d3 d5 5. Nxe5 Qe7 6. Nxc6 bxc6 7. Bxc6+ Bd7 8.
Bxa8 Qe5 9. O-O Bd6 10. Re1 O-O 11. exd5 Qxh2+ 12. Kf1 Rxa8 13. Re3 Qh1+ 14. Ke2
Bg4+ 15. Rf3 Qxg2 16. Ke3 Nxd5+ 17. Ke4 Bxf3+ 18. Qxf3 Re8+ 19. Kxd5 Qxf3+ 20.
Kc4 Qc6+ 21. Kb3 Rb8# {White checkmated} 0-1

[Event "Team 45 45 League T68"]
[Site "Internet Chess Club"]
[Date "2016.03.29"]
[Round "3"]
[White "modiglani"]
[Black "Zebbile"]
[Result "1/2-1/2"]
[WhiteElo "1932"]
[BlackElo "1958"]
[Opening "King's Indian: London system"]
[ECO "A48"]
[Time "14:00:38"]
[TimeControl "2700+45"]

1. Nf3 Nf6 2. d4 g6 3. Bf4 Bg7 4. e3 c5 5. c3 Qb6 6. Qb3 Nc6 7. Nbd2 d5 8. dxc5
Qxc5 9. Be2 O-O 10. O-O Nh5 11. Bg5 e5 12. Rac1 Nf6 13. c4 d4 14. Bxf6 Bxf6 15.
Ne4 Qe7 16. Nxf6+ Qxf6 17. Rfd1 Rd8 18. h3 Kg7 19. exd4 Nxd4 20. Nxd4 Rxd4 21.
Rxd4 exd4 22. Rd1 Bd7 23. Qd3 Bc6 24. Qxd4 Qxd4 25. Rxd4 Re8 26. Rd2 b6 27. Kf1
Re6 28. b4 Re7 29. b5 Be4 30. f3 Bf5 31. g4 Be6 32. f4 h5 33. Kf2 hxg4 34. hxg4
f6 35. Rd4 Rc7 36. Kg3 Rc8 37. Bd3 Rc5 38. f5 gxf5 39. gxf5 Bxf5 40. Bxf5 Rxf5
41. Rd7+ Kg6 42. Rxa7 Rc5 43. Ra6 Rxc4 44. Rxb6 Rb4 45. Rb8 Kf5 46. b6 Ke6 47.
a4 Kd7 48. a5 Ra4 49. Rb7+ Kc8 50. Ra7 Kb8 51. a6 f5 52. Kf3 Rb4 53. Rb7+ Ka8
54. Ke3 f4+ 55. Kf3 Ra4 56. Ra7+ Kb8 57. Kg4 Rb4 58. Rb7+ Ka8 59. Kf3 Ra4 60.
Ra7+ {Game drawn by mutual agreement} 1/2-1/2

[Event "Team 45 45 League T68"]
[Site "Internet Chess Club"]
[Date "2016.03.26"]
[Round "3"]
[White "Timotheous"]
[Black "PolishRyszard"]
[Result "1/2-1/2"]
[WhiteElo "1755"]
[BlackElo "1908"]
[Opening "Réti v Dutch"]
[ECO "A04"]
[Time "06:45:56"]
[TimeControl "2700+45"]

1. Nf3 f5 2. d4 Nf6 3. c4 g6 4. b3 Bg7 5. Bb2 O-O 6. g3 d6 7. Bg2 c6 8. d5 Na6
9. O-O e5 10. dxe6 Nc5 11. Qc2 Bxe6 12. Rd1 Qe7 13. Nbd2 Rad8 14. e3 a5 15. Nd4
Bc8 16. Bxc6 bxc6 17. Nxc6 Qc7 18. Nxd8 Rxd8 19. Nf3 Bb7 20. Ne1 Qc6 21. f3 Ne6
22. Qe2 Ng5 23. Kg2 Re8 24. Rd3 Nf7 25. Rad1 h5 26. h4 Re6 27. Nc2 Re8 28. Nd4
Qb6 29. Nc2 Nd7 30. Bxg7 Kxg7 31. Nd4 Nde5 32. Rc3 Ng4 33. Kh3 {Game drawn by
mutual agreement} 1/2-1/2

[Event "Team 45 45 League T68"]
[Site "Internet Chess Club"]
[Date "2016.03.26"]
[Round "3"]
[White "noblitz-oblige"]
[Black "kaiclc"]
[Result "0-1"]
[WhiteElo "1511"]
[BlackElo "1233"]
[Opening "French: Steinitz variation"]
[ECO "C11"]
[Time "09:00:20"]
[TimeControl "2700+45"]

1. e4 e6 2. d4 d5 3. Nc3 Nf6 4. e5 Nfd7 5. Nf3 c5 6. Ne2 cxd4 7. Nexd4 Qc7 8.
Nb5 Qb6 9. Be3 Bc5 10. Nd6+ Ke7 11. Bxc5 Qxc5 12. Qd2 f6 13. b4 Qc7 14. c4 Nxe5
15. Nxc8+ Rxc8 16. cxd5 Nxf3+ 17. gxf3 Qe5+ 18. Be2 Qxa1+ {White resigns} 0-1

[Event "Team 45 45 League T68"]
[Site "Internet Chess Club"]
[Date "2016.03.26"]
[Round "3"]
[White "fishhead"]
[Black "ChessHouston"]
[Result "1-0"]
[WhiteElo "1857"]
[BlackElo "1860"]
[Opening "KGA: Fischer defense"]
[ECO "B07"]
[Time "12:29:56"]
[TimeControl "2700+45"]

1. e4 d6 2. f4 e5 3. Nf3 exf4 4. Bc4 g5 5. h4 g4 6. Ng5 Nh6 7. d4 Qe7 8. Bxf4 f6
9. O-O fxg5 10. hxg5 Nf7 11. Bxf7+ Qxf7 12. Be5 Qg8 13. Bxh8 Qxh8 14. Nc3 c6 15.
e5 d5 16. Qd3 Qg8 17. Rae1 Be6 18. Ne2 Qxg5 19. Nf4 Bf5 20. Qb3 Bc8 21. Ne6 Bxe6
22. Qxb7 Qe7 23. Qxa8 Qc7 24. Rf6 Ke7 25. Re3 Bg7 26. Rb3 Nd7 27. Rxe6+ Kxe6 28.
Qe8+ Kf5 29. Qf7+ Bf6 30. Qxh7+ Kg5 31. exf6 Qd6 32. Qg7+ Kf5 33. Re3 Nxf6 34.
Re5+ Qxe5 35. dxe5 Kxe5 36. Qg5+ Ke6 37. Qf4 a6 38. Kf1 c5 39. Ke2 a5 40. a4 Ke7
41. Qf5 c4 42. c3 {Black resigns} 1-0

[Event "Team 45 45 League T68"]
[Site "Internet Chess Club"]
[Date "2016.03.24"]
[Round "3"]
[White "LiangLiang"]
[Black "xt"]
[Result "1-0"]
[WhiteElo "1848"]
[BlackElo "1784"]
[Opening "Sicilian"]
[ECO "B56"]
[Time "23:04:08"]
[TimeControl "2700+45"]

1. e4 c5 2. Nf3 d6 3. d4 cxd4 4. Nxd4 Nc6 5. Nc3 Nf6 6. Be3 a6 7. f3 e6 8. Qd2
Be7 9. O-O-O Qc7 10. g4 h6 11. h4 Bd7 12. Bh3 O-O-O 13. Kb1 Kb8 14. Qf2 Rc8 15.
Nb3 Ne5 16. Bb6 Qc4 17. Na5 Qb4 18. a3 Qxc3 19. bxc3 Rxc3 {Black resigns} 1-0

[Event "Team 45 45 League T68"]
[Site "Internet Chess Club"]
[Date "2016.03.28"]
[Round "3"]
[White "room-matt"]
[Black "kllrchris"]
[Result "1-0"]
[WhiteElo "1847"]
[BlackElo "1699"]
[Opening "French: MacCutcheon, Janowski variation"]
[ECO "C12"]
[Time "11:13:05"]
[TimeControl "2700+45"]

1. d4 Nf6 2. Nc3 d5 3. Bg5 e6 4. e4 Bb4 5. e5 h6 6. Be3 Ne4 7. Qg4 g6 8. a3
Bxc3+ 9. bxc3 c5 10. Bd3 h5 11. Qf3 Qa5 12. Ne2 cxd4 13. Bxd4 Nc6 14. O-O Qd8
15. Bxe4 dxe4 16. Qxe4 O-O 17. Rfd1 Qc7 18. Rd3 b6 19. Rd2 Bb7 20. Qf4 Ne7 21.
Qg5 Qc6 22. Nf4 Nf5 23. Nxh5 Qxg2+ 24. Qxg2 Bxg2 25. Nf6+ Kg7 26. Kxg2 Rad8 27.
Rad1 Nh4+ 28. Kg3 Nf5+ 29. Kg4 Rh8 30. f4 Rh4+ 31. Kg5 Rdh8 32. Bg1 {Black
resigns} 1-0

[Event "Team 45 45 League T68"]
[Site "Internet Chess Club"]
[Date "2016.03.25"]
[Round "3"]
[White "watkins"]
[Black "zap2"]
[Result "0-1"]
[WhiteElo "1648"]
[BlackElo "1780"]
[Opening "King's pawn opening"]
[ECO "B07"]
[Time "06:07:00"]
[TimeControl "2700+45"]

1. e4 d6 2. Nf3 Nd7 3. Bc4 e5 4. a3 Be7 5. d4 Ngf6 6. Nbd2 O-O 7. c3 c6 8. O-O
b5 9. Ba2 Bb7 10. b4 Qc7 11. Bb2 c5 12. d5 Nb6 13. Rc1 a5 14. Qe2 axb4 15. cxb4
c4 16. Rc2 Qd7 17. Nb1 Na4 18. Bc1 Qg4 19. Re1 Nh5 20. Kh1 f5 21. h3 Qg6 22. Nd4
exd4 23. exf5 Qxf5 24. Qxe7 Bxd5 25. Rce2 Qxh3+ 26. Kg1 Qxg2# {White checkmated}
0-1

[Event "Team 45 45 League T68"]
[Site "Internet Chess Club"]
[Date "2016.03.30"]
[Round "3"]
[White "alexping"]
[Black "jonesey"]
[Result "0-1"]
[WhiteElo "1907"]
[BlackElo "2009"]
[Opening "Benkö gambit"]
[ECO "A58"]
[Time "12:41:49"]
[TimeControl "2700+45"]

1. d4 Nf6 2. c4 c5 3. d5 b5 4. cxb5 a6 5. bxa6 g6 6. Nc3 Bxa6 7. e4 Bxf1 8. Kxf1
d6 9. g3 Bg7 10. Kg2 Nbd7 11. Nge2 O-O 12. h3 Qa5 13. Qc2 Rfb8 14. Rb1 Ne8 15.
Bg5 Kf8 16. Rhd1 Nc7 17. b3 Na6 18. Na4 Nb4 19. Qd2 Qa7 20. Bh6 Nb6 21. Bxg7+
Kxg7 22. a3 Na6 23. Nxb6 Rxb6 24. Rb2 Nc7 25. a4 Qb7 26. Rdb1 Rb4 27. f3 f5 28.
exf5 Nxd5 29. Rd1 Nf6 30. fxg6 hxg6 31. Nf4 Rxb3 32. Rdb1 Qxf3+ 33. Kh2 Qxg3+
34. Kh1 Rxb2 35. Rxb2 g5 36. Ne6+ Kh6 37. Ra2 Qxh3+ 38. Qh2 Qxh2+ 39. Kxh2 Ra5
40. Nd8 Nd5 41. Rd2 c4 42. Nb7 c3 43. Ra2 Ra7 44. Nd8 Nb4 45. Ra1 c2 {White
resigns} 0-1

[Event "Team 45 45 League T68"]
[Site "Internet Chess Club"]
[Date "2016.03.27"]
[Round "3"]
[White "fledermaus"]
[Black "bobhill"]
[Result "1/2-1/2"]
[WhiteElo "1930"]
[BlackElo "1909"]
[Opening "QGD: Charousek (Petrosian) variation"]
[ECO "D31"]
[Time "16:01:59"]
[TimeControl "2700+45"]

1. d4 d5 2. c4 e6 3. Nc3 Be7 4. Nf3 h6 5. Bf4 Nf6 6. e3 O-O 7. Rc1 b6 8. cxd5
exd5 9. Ne5 c5 10. Bd3 cxd4 11. exd4 Bb7 12. O-O Nbd7 13. Qf3 a6 14. Rfe1 b5 15.
Bxh6 gxh6 16. Qg3+ Kh8 17. Qh3 Kg7 18. Qg3+ Kh8 19. Qh3 Kg7 20. Qg3+ {Game drawn
by mutual agreement} 1/2-1/2

[Event "Team 45 45 League T68"]
[Site "Internet Chess Club"]
[Date "2016.03.25"]
[Round "3"]
[White "kidcobra"]
[Black "Invicta-Knight"]
[Result "1/2-1/2"]
[WhiteElo "1848"]
[BlackElo "1628"]
[Opening "Grob's attack"]
[ECO "A00"]
[Time "16:04:24"]
[TimeControl "2700+45"]

1. g4 e5 2. Bg2 d5 3. e3 Be6 4. d4 Nc6 5. h3 Qe7 6. dxe5 Nxe5 7. f4 Nc4 8. Nf3
O-O-O 9. b3 Qf6 10. Qd4 Nb6 11. Bb2 Bc5 12. Qxf6 Nxf6 13. Nd4 Rhe8 14. O-O Bd7
15. Re1 Re7 16. g5 Nh5 17. Nd2 Rde8 18. Kf2 g6 19. N2f3 f6 20. gxf6 Nxf6 21. Ne5
Bd6 22. Nxd7 Nbxd7 23. Nb5 Bc5 24. Nd4 Bb6 25. Re2 c6 26. a3 Nc5 27. Rae1 Nce4+
28. Kf3 c5 29. Nb5 Nh5 30. Kg4 Nhg3 31. Bxe4 Nxe2 32. Nd6+ Kd7 33. Nxe8 Rxe8 34.
Bxd5 Rxe3 35. Bf3 h5+ 36. Kg5 Rxf3 37. Rxe2 Rg3+ 38. Kf6 Bd8+ 39. Kf7 Rxh3 40.
Rd2+ Kc8 41. Kxg6 h4 42. f5 Rg3+ 43. Kf7 h3 44. Be5 Rg2 45. Rd3 h2 46. Rh3 Bc7
47. Bxc7 Kxc7 48. c4 Kd7 49. f6 a6 50. Rh7 b6 51. Kf8+ Kd8 52. f7 Kd7 53. Rh5 a5
54. Rd5+ Kc6 55. Rh5 Kd7 56. Rd5+ Kc7 57. Rh5 Kd7 {Game drawn by repetition}
1/2-1/2

[Event "Team 45 45 League T68"]
[Site "Internet Chess Club"]
[Date "2016.03.27"]
[Round "3"]
[White "parrot9"]
[Black "Beetlejuice"]
[Result "0-1"]
[WhiteElo "1719"]
[BlackElo "1832"]
[Opening "Sicilian: Taimanov (Bastrikov) variation"]
[ECO "B47"]
[Time "11:01:06"]
[TimeControl "2700+45"]

1. e4 c5 2. Nf3 e6 3. d4 cxd4 4. Nxd4 Nc6 5. Nc3 Qc7 6. Ndb5 Qb8 7. Bg5 a6 8.
Na3 b5 9. Ne2 b4 10. Nc4 Qb5 11. Ng3 Qxg5 12. h4 Qc5 {White resigns} 0-1

[Event "Team 45 45 League T68"]
[Site "Internet Chess Club"]
[Date "2016.03.27"]
[Round "3"]
[White "pokerram"]
[Black "cityprosecutor"]
[Result "1/2-1/2"]
[WhiteElo "1618"]
[BlackElo "1768"]
[Opening "Benkö gambit: main line"]
[ECO "A58"]
[Time "19:00:33"]
[TimeControl "2700+45"]

1. d4 Nf6 2. c4 c5 3. d5 b5 4. cxb5 a6 5. bxa6 Bxa6 6. Nc3 g6 7. e4 Bxf1 8. Kxf1
d6 9. Nf3 Bg7 10. g3 O-O 11. Kg2 Nbd7 12. Re1 Ng4 13. Bf4 Qa5 14. Qc2 Rfb8 15.
Rab1 Bxc3 16. bxc3 Qxa2 17. Rxb8+ Nxb8 18. Re2 Qxc2 19. Rxc2 Nf6 20. Nd2 Nbd7
21. f3 Kg7 22. c4 h6 23. g4 g5 24. Bg3 h5 25. h3 Nb6 26. e5 dxe5 27. Bxe5 hxg4
28. fxg4 Kg6 29. Bxf6 Kxf6 30. Ne4+ Kg6 31. d6 f5 32. gxf5+ Kxf5 33. Ng3+ Ke6
34. dxe7 Kxe7 35. Ne4 Ra4 36. Nxc5 Rxc4 {Game drawn by mutual agreement} 1/2-1/2

[Event "Team 45 45 League T68"]
[Site "Internet Chess Club"]
[Date "2016.03.25"]
[Round "3"]
[White "Frankly"]
[Black "drsigmund1"]
[Result "1/2-1/2"]
[WhiteElo "1760"]
[BlackElo "1499"]
[Opening "Dutch defense, Rubinstein variation"]
[ECO "A40"]
[Time "15:00:23"]
[TimeControl "2700+45"]

1. d4 e6 2. c4 f5 3. Nc3 Nf6 4. Bg5 h6 5. Bxf6 Qxf6 6. e4 Bb4 7. e5 Qh4 8. Nf3
Qg4 9. a3 Bxc3+ 10. bxc3 b6 11. Be2 Bb7 12. O-O Nc6 13. d5 Ne7 14. d6 cxd6 15.
exd6 Nc6 16. Ne5 Qe4 17. Bh5+ Kf8 18. Ng6+ Kg8 19. Bf3 Qxc4 20. Nxh8 Kxh8 21.
Bxc6 Bxc6 22. Qd4 Qe2 23. Rfe1 Qg4 24. Qxg4 fxg4 25. Re3 Kh7 26. Rb1 Rf8 27. Rb4
h5 28. Rc4 Rf5 29. Re1 Rd5 30. Rd4 Rc5 31. c4 e5 32. Rdd1 Kg6 33. Rc1 Kf5 34. g3
Bf3 35. Rc3 e4 36. Rb1 Ke5 37. Rb2 Kd4 38. Rbc2 Bd1 39. Rc1 Be2 40. Re3 Bd3 41.
Kg2 Ra5 42. h3 Rxa3 43. hxg4 hxg4 44. Rh1 Ke5 45. Rh7 Kf6 46. Rh5 g6 47. Rh7 Ke6
48. Rg7 Kxd6 49. Rxg6+ Kc5 50. Rxg4 Kxc4 51. Rgxe4+ Bxe4+ 52. Rxe4+ Kd5 53. Re8
{Game drawn by mutual agreement} 1/2-1/2

[Event "Team 45 45 League T68"]
[Site "Internet Chess Club"]
[Date "2016.03.25"]
[Round "3"]
[White "isolani"]
[Black "Constrictor"]
[Result "1/2-1/2"]
[WhiteElo "1425"]
[BlackElo "1606"]
[Opening "QGD Slav: Dutch variation"]
[ECO "D18"]
[Time "17:00:34"]
[TimeControl "2700+45"]

1. Nf3 Nf6 2. d4 d5 3. c4 c6 4. Nc3 dxc4 5. a4 Bf5 6. e3 e6 7. Bxc4 Bb4 8. O-O
Nbd7 9. Bd2 Qe7 10. a5 O-O 11. Ra4 Rfd8 12. Nh4 Bg6 13. Nxg6 hxg6 14. Qc2 c5 15.
dxc5 Bxc5 16. Rd1 Rac8 17. Be2 Ne5 18. Be1 Rxd1 19. Qxd1 Rd8 20. Qc2 Qd7 21. b4
Be7 22. b5 Rc8 23. Qd2 Qxd2 24. Bxd2 Rd8 25. Rd4 {Game drawn by mutual
agreement} 1/2-1/2